 Dungeon Crawl Stone Soup version 0.30-a0-782-ge64f9170bb (webtiles) character file.

Game seed: 4470768076729577733

4678 mopl the Geomancer (level 10, 0/69 HPs)
             Began as a Grey Draconian Earth Elementalist on Mar 9, 2023.
             Was a Believer of Vehumet.
             Slain by a gnoll sergeant
             ... wielding a +1 trident of freezing
              (4 damage)
             ... on level 9 of the Dungeon.
             The game lasted 00:16:42 (7069 turns).

mopl the Geomancer (DrEE)                           Turns: 7069, Time: 00:16:43

Health: 0/69       AC: 16    Str: 10    XL:     10   Next: 21%
Magic:  5/28       EV: 12    Int: 19    God:    Vehumet [**....]
Gold:   690        SH:  0    Dex: 13    Spells: 7/22 levels left

rFire   . . .      SeeInvis .    a - +2 dagger (elec)
rCold   . . .      Faith    .    (no shield)
rNeg    . . .      Spirit   .    (body armour unavailable)
rPois   .          Reflect  .    j - +0 hat
rElec   .          Harm     .    u - +0 cloak
rCorr   +          Rampage  .    (no gloves)
Will    .....                    N - +2 pair of boots
Stlth   +++                      e - amulet of regeneration
HPRegen 1.11/turn                g - ring of resist corrosion
MPRegen 0.21/turn                H - ring of magical power

@: no status effects
A: AC +12, amphibious, unfitting armour, cold-blooded
a: Renounce Religion


You were on level 9 of the Dungeon.
You worshipped Vehumet.
Vehumet was pleased with you.
You visited 2 branches of the dungeon, and saw 10 of its levels.

You collected 918 gold pieces.
You spent 228 gold pieces at shops.

Inventory:

Hand Weapons
 a - a +2 dagger of electrocution (weapon)
 v - the +10 hammer of Wininno {protect, rElec Int+2}
   (You found it on level 4 of the Dungeon)

   Int:       It affects your intelligence (+2).
   rElec:     It insulates you from electricity.
Missiles
 k - 25 poisoned darts
 F - 2 boomerangs of dispersal
 G - 5 silver javelins
 J - 6 datura-tipped darts
 K - a curare-tipped dart
 L - 2 boomerangs
 M - 6 atropa-tipped darts
Armour
 j - a +0 hat (worn)
 u - a +0 cloak (worn)
 N - a +2 pair of boots (worn)
Magical Staves
 p - a staff of fire
 O - a staff of death
Jewellery
 e - an amulet of regeneration (around neck)
 g - a ring of resist corrosion (left hand)
 h - a ring of wizardry
 H - a ring of magical power (right hand)
Wands
 x - a wand of polymorph (4)
 y - a wand of flame (27)
 A - a wand of mindburst (8)
 C - a wand of light (6)
 E - a wand of paralysis (5)
Scrolls
 b - 2 scrolls of identify
 f - 4 scrolls of teleportation {unknown}
 l - a scroll of noise {unknown}
 n - 4 scrolls of fear
 q - a scroll of poison {unknown}
 w - a scroll of silence {unknown}
 z - a scroll of fog {unknown}
 D - a scroll of blinking {unknown}
 P - a scroll of magic mapping {unknown}
Potions
 c - 3 potions of resistance
 d - a potion of magic
 i - 3 potions of brilliance
 m - 2 potions of heal wounds
 o - 2 potions of flight
 r - 3 potions of cancellation
 t - 2 potions of invisibility
 B - a potion of lignification {!q}
 I - a potion of haste


   Skills:
 - Level 1.9 Dodging
 + Level 7.0 Stealth
 + Level 6.6 Spellcasting
 + Level 5.5 Conjurations
 + Level 6.9 Transmutations
 + Level 9.0 Earth Magic
 + Level 1.9 Evocations


You had 7 spell levels left.
You knew the following spells:

 Your Spells              Type           Power      Damage    Failure   Level
a - Sandblast             Erth           80%        2d17      1%          1
b - Petrify               Tmut/Erth      36%        N/A       4%          4
c - Stone Arrow           Conj/Erth      66%        3d11      1%          3
k - Lee's Rapid Deconstr  Erth           20%        3d12*     7%          5
p - Passwall              Tmut/Erth      30%        N/A       1%          2

Your spell library contained the following spells:

 Spells                   Type           Power      Damage    Failure   Level
 Inner Flame              Hex/Fire       6%         N/A       32%         3
 Magic Dart               Conj           100%       1d8       1%          1
 Searing Ray              Conj           54%        2d6       1%          2
 Leda's Liquefaction      Hex/Erth       11%        N/A       17%         4
 Blade Hands              Tmut           16%        N/A       17%         5
 Call Canine Familiar     Summ           6%         N/A       32%         3
 Kindle Blastsparks       Fire/Tloc/Air  12%        2d11      32%         3
 Portal Projectile        Hex/Tloc       12%        N/A       32%         3
 Tukima's Dance           Hex            6%         N/A       32%         3
 Fulminant Prism          Conj/Hex       8%         3d6       32%         4
 Iskenderun's Mystic Bla  Conj/Tloc      16%        2d5       32%         4
 Summon Ice Beast         Ice/Summ       6%         N/A       71%         4
 Summon Mana Viper        Hex/Summ       6%         N/A       96%         5
 Monstrous Menagerie      Summ           3%         N/A       100%        7


Dungeon Overview and Level Annotations

Branches:
Dungeon (9/15)             Temple (1/1) D:5
   Lair: D:8-11         Orc: D:9-12

Altars:
Ashenzari
Cheibriados
Dithmenos
Elyvilon
Fedhas
Hepliaklqana
Kikubaaqudgha
Makhleb
Nemelex Xobeh
Okawaru
Qazlal
Ru
Sif Muna
Trog
Uskayaw
Vehumet
Wu Jian
Xom
Yredelemnul
The Shining One

Shops:
D:3 *   D:4 :   D:9 (:

Annotations:
D:5 2 transporters, Dirian's ghost, novice MiFi


Innate Abilities, Weirdness & Mutations

Your dull iron-grey scales are very hard. (AC +12)
You are amphibious.
You cannot fit into any form of body armour.
You are cold-blooded and may be slowed by cold attacks.


Message History

The killer bee is heavily wounded.
The blast of petrified fragments hits the killer bee!
You kill the killer bee!
Vehumet accepts your kill.
You feel your power returning.
The blast of petrified fragments hits the howler monkey!
You kill the howler monkey!
Vehumet accepts your kill.
You feel your power returning.
The blast of petrified fragments hits the gnoll sergeant but does no damage.
The gnoll sergeant is moderately wounded.
The blast of petrified fragments hits the orc warrior.
The orc warrior is severely wounded.
You feel very sick. The killer bee misses you. The killer bee stings you.
* * * LOW HITPOINT WARNING * * *
Your Stealth skill increases to level 7!
Your Earth Magic skill increases to level 9!
Unknown command.
Unknown command.
Casting: Lee's Rapid Deconstruction (dangerous; 7% risk of failure)
Confirm with . or Enter, or press ? or * to list all spells.
Aiming: Sandblast (safe; 1% risk of failure)
Press: ? - help, Shift-Dir - straight line, f - killer bee
Aim: a killer bee (heavily wounded, 69% to hit)
The blast of sand misses the killer bee.
You feel extremely sick.
The killer bee barely misses you. x2; The orc warrior barely misses you.
The gnoll sergeant hits you from afar with a +1 trident of freezing!
* * * LOW HITPOINT WARNING * * *
The gnoll sergeant freezes you.
* * * LOW HITPOINT WARNING * * *
The killer bee barely misses you.
Unknown command.
You feel better. The killer bee barely misses you.
The killer bee closely misses you. The orc warrior misses you.
The gnoll sergeant hits you from afar with a +1 trident of freezing!
* * * LOW HITPOINT WARNING * * *
The gnoll sergeant freezes you.
You die...

.....#..#..##..............##
............................#
####.#.##.#.#. ....#######..#
.<........#... ..## #..#
.###.############## #####.#
.....# ###........# ...# #.#
.....# #......#...# .)... #.#
.....###.....##..y#.).... #>#
......#......##.@og...... #.#
...........####...#...... #.#
.########### #...# ..... #.#
.###### #...# ...# #.#
......# #...# ######.#
##....# #...# #......# ####.#
+...##......#.#### #.#
#...##.(...##....# #####.#
...... #.##.#


You could see an orc warrior, a gnoll sergeant and a killer bee.

Vanquished Creatures
  A slime creature (D:9)
  A vampire (D:9)
  2 wyverns (D:9)
  4 yaks
  Edmund (D:5)
  A water moccasin (D:5)
  4 orc warriors
  An ice beast (D:5)
  2 black bears
  4 ogres
  4 centaurs
  2 phantoms
  2 kobold brigands
  3 bullfrogs
  3 scorpions
  2 killer bees (D:9)
  5 howler monkeys
  3 jellies
  5 orc priests
  4 hounds
  Crazy Yiuf (D:4)
  Ijyb (D:5)
  6 iguanas
  8 orc wizards
  Robin (D:3)
  3 gnolls (D:4)
  8 adders
  2 worms (D:2)
  4 dart slugs
  36 orcs
  5 ball pythons
  10 endoplasms
  5 giant cockroaches
  13 goblins
  12 hobgoblins
  6 jackals
  15 kobolds
  6 quokkas
  2 bats
  2 frilled lizards
  4 rats
204 creatures vanquished.

Notes
Turn   | Place    | Note
-------+----------+-------------------------------------------
     0 | D:1      | mopl the Draconian Earth Elementalist began the quest for
                  | the Orb.
     0 | D:1      | Reached XP level 1. HP: 14/14 MP: 3/3
   142 | D:1      | Reached skill level 2 in Stealth
   142 | D:1      | Reached XP level 2. HP: 20/20 MP: 1/5
   145 | D:1      | Learned a level 2 spell: Passwall
   427 | D:1      | Reached XP level 3. HP: 26/26 MP: 1/6
   789 | D:2      | Reached skill level 2 in Transmutations
   804 | D:2      | Learned a level 3 spell: Stone Arrow
   950 | D:2      | Found a faded altar of an unknown god.
  1051 | D:2      | Reached XP level 4. HP: 27/33 MP: 0/7
  1438 | D:3      | Noticed Robin
  1570 | D:3      | Reached skill level 3 in Spellcasting
  1570 | D:3      | Reached XP level 5. HP: 38/38 MP: 6/9
  1578 | D:3      | Found Juti Niff's General Store.
  1584 | D:3      | Bought a scroll of fear for 48 gold pieces
  1584 | D:3      | Bought a potion of cancellation for 96 gold pieces
  1584 | D:3      | Bought a potion of attraction for 36 gold pieces
  1584 | D:3      | Bought a potion of brilliance for 48 gold pieces
  1609 | D:3      | Reached skill level 3 in Stealth
  1609 | D:3      | Reached skill level 4 in Earth Magic
  2004 | D:3      | Killed Robin
  2337 | D:4      | Reached skill level 3 in Transmutations
  2550 | D:4      | Reached XP level 6. HP: 44/45 MP: 8/11
  2555 | D:4      | Learned a level 4 spell: Petrify
  2851 | D:4      | Found Qaofaej's Book Shop.
  2885 | D:4      | Your scales start taking on a dull iron-grey colour.
  2885 | D:4      | Reached skill level 5 in Earth Magic
  2885 | D:4      | Reached XP level 7. HP: 50/50 MP: 6/12
  2891 | D:4      | Reached skill level 4 in Stealth
  2891 | D:4      | Reached skill level 4 in Spellcasting
  2958 | D:4      | Found a runed translucent door.
  2959 | D:4      | Noticed Crazy Yiuf
  2972 | D:4      | Killed Crazy Yiuf
  2985 | D:4      | Identified the +10 hammer of Wininno {protect, rElec Int+2}
  3017 | D:5      | Entered Level 5 of the Dungeon
  3035 | D:5      | Reached skill level 4 in Transmutations
  3035 | D:5      | Reached skill level 6 in Earth Magic
  3059 | D:5      | Reached skill level 1 in Conjurations
  3062 | D:5      | Found a snail-covered altar of Cheibriados.
  3091 | D:5      | Found a transporter.
  3091 | D:5      | Noticed Dirian's ghost (novice MiFi)
  3108 | D:5      | Noticed Ijyb
  3140 | D:5      | Killed Ijyb
  3160 | D:5      | Noticed Edmund
  3174 | D:5      | Killed Edmund
  3239 | D:5      | Found a staircase to the Ecumenical Temple.
  3254 | Temple   | Entered the Ecumenical Temple
  3367 | Temple   | Became a worshipper of Vehumet
  3414 | D:5      | Found a transporter.
  3457 | D:5      | Reached XP level 8. HP: 57/57 MP: 2/14
  3566 | D:5      | Reached skill level 2 in Conjurations
  3842 | D:5      | Reached skill level 5 in Stealth
  3946 | D:5      | Reached skill level 5 in Transmutations
  3946 | D:5      | Reached skill level 7 in Earth Magic
  3949 | D:5      | Reached skill level 5 in Spellcasting
  3949 | D:5      | Reached skill level 3 in Conjurations
  3955 | D:5      | Learned a level 5 spell: Lee's Rapid Deconstruction
  4364 | D:6      | Found a basalt altar of Yredelemnul.
  4420 | D:6      | Found a shadowy altar of Dithmenos.
  4572 | D:6      | Reached * piety under Vehumet
  4572 | D:6      | Offered knowledge of Freeze by Vehumet.
  4765 | D:6      | Reached XP level 9. HP: 58/62 MP: 17/17
  5265 | D:7      | Found an iron altar of Okawaru.
  5323 | D:7      | Reached skill level 4 in Conjurations
  5439 | D:7      | Reached skill level 6 in Stealth
  5605 | D:7      | Reached skill level 8 in Earth Magic
  5610 | D:7      | Reached ** piety under Vehumet
  5614 | D:7      | Reached skill level 6 in Transmutations
  5964 | D:8      | Offered knowledge of Kiss of Death by Vehumet.
  6184 | D:8      | Reached skill level 6 in Spellcasting
  6318 | D:8      | Reached skill level 5 in Conjurations
  6612 | D:9      | Reached skill level 1 in Evocations
  6738 | D:9      | Found Caram's Antique Weapon Shoppe.
  6772 | D:9      | Reached XP level 10. HP: 63/69 MP: 19/19
  6842 | D:9      | Found Vytitacue's Book Shoppe.
  6864 | D:9      | Offered knowledge of Inner Flame by Vehumet.
  7068 | D:9      | Reached skill level 7 in Stealth
  7068 | D:9      | Reached skill level 9 in Earth Magic
  7068 | D:9      | HP: 1/69 [gnoll sergeant/+1 trident of freezing (4)]
  7069 | D:9      | Slain by a gnoll sergeant

Illustrated notes

Levels and vault maps discovered:
D:1:      evilmike_arrival_plus, layout_rooms, minmay_cut_off
D:2:      layout_basic, shapermc_ecumenical_altar_starsandcircs,
          minmay_randomly_rotated_circles
D:3:      layout_basic, serial_shops, shop_statue, uniq_robin
D:4:      layout_rooms, serial_shops, nicolae_shop_crystal, minivault_24,
          uniq_crazy_yiuf_cottage
D:5:      minmay_general_purpose_star, layout_basic, kennysheep_slug_shrine,
          minmay_temple_entry_offerings, gammafunk_ghost_mausoleum, uniq_ijyb,
          uniq_edmund
D:6:      layout_basic, mainiacjoe_overflow_catch_the_wave,
          kb_lookout_dungeons_type
D:7:      layout_loops_ring, kennysheep_little_box
D:8:      layout_basic, minivault_1
D:9:      minmay_opposing_rooms, layout_basic,
          pdpol_temple_overflow_zin_treasury_gozag_greed, dpeg_lair_monsters,
          serial_shops, nicolae_stop_n_shop_1, shop_coins
Temple:   nicolae_temple_superstar

Skill      XL: |  1  2  3  4  5  6  7  8  9 10 |
---------------+-------------------------------+-----
Stealth        | 2 3 4 5 6 7 |  7.0
Transmutations | 2 3 4 5 6 |  6.9
Spellcasting   | 3 4 5 6 |  6.6
Earth Magic    | 4 5 6 7 8 9 |  9.0
Conjurations   | 1 3 5 |  5.5
Evocations     | 1 |  1.9
Dodging        | |  1.9

Action                     |  1- 3 |  4- 6 |  7- 9 | 10-12 || total
---------------------------+-------+-------+-------+-------++-------
  Melee: Unarmed           |    47 |       |       |       ||    47
         Tailslap          |    13 |     1 |    40 |     2 ||    56
         Dagger            |    76 |    41 |   179 |    11 ||   307
         Punch             |       |     2 |       |       ||     2
   Cast: Sandblast         |    47 |    99 |    97 |    18 ||   261
         Petrify           |       |     1 |    30 |     6 ||    37
         Lee's Rapid Decon |       |       |       |     3 ||     3
    Use: Scroll            |       |     3 |     4 |       ||     7
         Potion            |       |       |       |     1 ||     1
   Stab: Sleeping          |     2 |     1 |    10 |     1 ||    14
         Petrified         |       |       |    55 |     4 ||    59
         Petrifying        |       |       |     1 |       ||     1
         Distracted        |       |       |     1 |       ||     1
 Armour: Skin              |    46 |    41 |   120 |    19 ||   226
  Dodge: Dodged            |   100 |    75 |   171 |    38 ||   384

Table legend: (Time is in decaauts)
 A = Elapsed time spent in this place.
 B = Non-inter-level travel time spent in this place.
 C = Inter-level travel time spent in this place.
 D = Time resting spent in this place.
 E = Time spent auto-exploring this place.
 F = Levels seen in this place.
 G = Mean time per level.
                   A        B        C        D        E       F      G
               +--------+--------+--------+--------+--------+-----+--------+
         Total |   7207 |   6828 |    379 |    541 |   4533 |  10 |  720.7 |
       Dungeon |   7080 |   6739 |    341 |    541 |   4460 |   9 |  786.7 |
        Temple |    126 |     89 |     37 |      0 |     73 |   1 |  126.0 |
               +--------+--------+--------+--------+--------+-----+--------+

Top non-repeatable levels by time:
     D:5: 1030 daAuts
     D:6: 1003 daAuts
     D:3: 976 daAuts
     D:7: 931 daAuts
     D:2: 742 daAuts
     D:1: 707 daAuts
     D:4: 668 daAuts
     D:9: 518 daAuts
     D:8: 501 daAuts
  Temple: 126 daAuts
